 Dungeon Crawl Stone Soup version 0.28-a0-1002-gf00fe891ef (webtiles) character file.

Game seed: 977428422501057351

139476 miscthings the Fighter (level 17, -11/95 HPs)
             Began as a Vine Stalker Artificer on Dec 6, 2021.
             Was the Champion of Okawaru.
             Mangled by a naga (16 damage)
             ... on level 4 of the Snake Pit.
             The game lasted 01:03:26 (26445 turns).

miscthings the Fighter (Vine Stalker Artificer)    Turns: 26445, Time: 01:03:27

Health: -11/95     AC: 32    Str: 23 (24) XL:     17   Next: 28%
Magic:  0/25       EV:  6    Int: 13      God:    Okawaru [******]
Gold:   967        SH:  8    Dex: 21      Spells: 16/16 levels left

rFire   + . .      SeeInvis +   T - +5 demon blade (freeze)
rCold   + . .      Faith    .   U - +1 buckler
rNeg    + . .      Spirit   +   X - +0 gold dragon scales "Veqes" {rPois rF+ rC+ rN+ Will+ rCorr}
rPois   +          Reflect  .   g - +0 helmet
rElec   .          Harm     .   s - +2 cloak {Will+}
rCorr   +          Rampage  .   y - +2 pair of gloves {Str+3}
Will    ++++.                   o - +2 pair of boots
Stlth   ..........              m - amulet of regeneration
HPRegen 2.65/turn               a - +6 ring of dexterity
MPRegen 0.19/turn               G - ring "Oshyurgha" {AC+4 SInv}

@: constricted, studying 2 skills
A: fangs 3, regeneration 2, magic shield, antimagic bite, no potion heal 2,
deterioration 1, MP-powered wands
a: Renounce Religion, Heroism, Finesse, Duel


You were on level 4 of the Snake Pit.
You worshipped Okawaru.
Okawaru was exalted by your worship.
You visited 5 branches of the dungeon, and saw 28 of its levels.
You also visited: Sewer, Bailey and Ice Cave.

You collected 3781 gold pieces.
You spent 2814 gold pieces at shops.

Inventory:

Hand Weapons
 A - the +7 dagger of Greed {flame, rElec Str+5 Dex+3}
   (You found it on level 5 of the Dungeon)

   It burns those it strikes, dealing additional fire damage.
   Str:       It affects your strength (+5).
   Dex:       It affects your dexterity (+3).
   rElec:     It insulates you from electricity.
 T - a +5 demon blade of freezing (weapon)
Missiles
 F - 6 curare-tipped darts (quivered)
Armour
 d - a +2 robe of resistance
 g - a +0 helmet (worn)
 o - a +2 pair of boots (worn)
 s - a +2 cloak of willpower (worn)
 y - a +2 pair of gloves of strength (worn)
 J - a +2 kite shield
 S - a scarf of resistance
 U - a +1 buckler (worn)
 X - the +0 gold dragon scales "Veqes" (worn) {rPois rF+ rC+ rN+ Will+ rCorr}
   (You bought it in a shop on level 2 of the Orcish Mines)

   rF:        It protects you from fire.
   rC:        It protects you from cold.
   rPois:     It protects you from poison.
   rN:        It protects you from negative energy.
   rCorr:     It protects you from acid and corrosion.
   Will:      It increases your willpower.
Jewellery
 a - a +6 ring of dexterity (left hand)
 m - an amulet of regeneration (around neck)
 u - a ring of resist corrosion
 w - the ring of Koetzie {Wiz rN+++ Will- Int+6}
   (You acquired it on level 9 of the Dungeon)

   [ring of wizardry]

   It improves your spell success rate.
   Int:       It affects your intelligence (+6).
   rN:        It renders you almost immune to negative energy.
   Will:      It decreases your willpower.
 G - the ring "Oshyurgha" (right hand) {AC+4 SInv}
   (You found it on level 6 of the Lair of Beasts)

   [ring of protection]

   AC:        It affects your AC (+4).
   SInv:      It lets you see invisible.
 Q - a ring of protection from cold
 R - a ring of protection from fire
Wands
 b - a wand of polymorph (18)
 c - a wand of flame (46)
 B - a wand of digging (21)
 H - a wand of iceblast (19)
 N - a wand of paralysis (31)
 V - a wand of acid (6)
Scrolls
 i - 2 scrolls of magic mapping
 j - 2 scrolls of fear
 n - 4 scrolls of enchant armour
 q - 2 scrolls of blinking
 E - 6 scrolls of teleportation
 O - a scroll of holy word
 W - 5 scrolls of fog
 Y - 8 scrolls of identify {@r1}
 Z - a scroll of vulnerability
Potions
 f - 13 potions of curing
 h - 2 potions of lignification
 l - 2 potions of mutation
 p - 2 potions of cancellation
 r - 4 potions of magic
 t - a potion of haste
 v - a potion of invisibility
 x - 4 potions of attraction
 z - 3 potions of might
 C - 2 potions of ambrosia
 L - 2 potions of brilliance
 M - 2 potions of berserk rage
 P - 3 potions of flight
Miscellaneous
 e - a piece from Xom's chessboard (15/15)
 k - a lightning rod (3/4)
 K - a tin of tremorstones (2/2)


   Skills:
 + Level 13.5 Fighting
 - Level 10.0(12.7) Short Blades
 - Level 12.6(14.0) Long Blades
 - Level 5.0 Throwing
 + Level 9.5 Armour
 + Level 9.3 Dodging
 - Level 1.2 Stealth
 + Level 8.2 Shields
 + Level 10.5 Invocations
 - Level 10.0 Evocations


You had 16 spell levels left.
You didn't know any spells.
Your spell library contained the following spells:

 Spells                   Type           Power      Damage    Failure   Level
 Freeze                   Ice            0%         1d3       100%        1
 Magic Dart               Conj           0%         1d3       100%        1
 Pain                     Necr           0%         1d4       100%        1
 Slow                     Hex            0%         N/A       100%        1
 Blink                    Tloc           0%         N/A       100%        2
 Ensorcelled Hibernation  Hex/Ice        0%         N/A       100%        2
 Searing Ray              Conj           0%         2d4       100%        2
 Sublimation of Blood     Necr           0%         N/A       100%        2
 Confusing Touch          Hex            0%         N/A       100%        3
 Dazzling Flash           Conj/Hex       0%         N/A       100%        3
 Frozen Ramparts          Ice            0%         1d2       100%        3
 Lesser Beckoning         Tloc           0%         N/A       100%        3
 Mephitic Cloud           Conj/Pois/Air  0%         N/A       100%        3
 Portal Projectile        Hex/Tloc       0%         N/A       100%        3
 Vampiric Draining        Necr           0%         2d6       100%        3
 Airstrike                Air            0%         N/A       100%        4
 Fulminant Prism          Conj/Hex       0%         3d6       100%        4
 Hailstorm                Conj/Ice       0%         3d3       100%        4
 Ice Form                 Ice/Tmut       0%         N/A       100%        4
 Iskenderun's Mystic Bla  Conj/Tloc      0%         2d3       100%        4
 Leda's Liquefaction      Hex/Erth       0%         N/A       100%        4
 Petrify                  Tmut/Erth      0%         N/A       100%        4
 Agony                    Necr           0%         N/A       100%        5
 Borgnjor's Vile Clutch   Necr/Erth      0%         N/A       100%        5
 Excruciating Wounds      Necr           0%         N/A       100%        5
 Irradiate                Conj/Tmut      0%         3d13      100%        5
 Lee's Rapid Deconstruct  Erth           0%         3d5*      100%        5
 Lightning Bolt           Conj/Air       0%         1d11      100%        5
 Manifold Assault         Tloc           0%         N/A       100%        5
 Metabolic Englaciation   Hex/Ice        0%         N/A       100%        5
 Dispersal                Tloc           0%         N/A       100%        6
 Starburst                Conj/Fire      0%         6d3       100%        6
 Statue Form              Tmut/Erth      0%         N/A       100%        6
 Storm Form               Tmut/Air       0%         N/A       100%        7
 Disjunction              Tloc           0%         N/A       100%        8
 Maxwell's Capacitive Co  Air            0%         ∞         100%        8
 Call Imp                 Summ           Unusable   N/A       N/A         2
 Call Canine Familiar     Summ           Unusable   N/A       N/A         3
 Tukima's Dance           Hex            Unusable   N/A       N/A         3
 Animate Dead             Necr           Unusable   N/A       N/A         4
 Summon Lightning Spire   Summ/Air       Unusable   N/A       N/A         4
 Death Channel            Necr           Unusable   N/A       N/A         6
 Simulacrum               Ice/Necr       Unusable   N/A       N/A         6

Dungeon Overview and Level Annotations

Branches:
Dungeon (15/15)            Temple (1/1) D:6            Lair (6/6) D:10
  Swamp (0/4) Lair:4        Snake (4/4) Lair:3        Slime (0/5) Lair:6
    Orc (2/2) D:9             Elf (0/3) Orc:2        Vaults (0/5) D:13
 Depths (0/4) D:15          Sewer (visited)          Bailey (visited)
  IceCv (visited)

Altars:
Ashenzari
Elyvilon
Fedhas
Gozag
Kikubaaqudgha
Nemelex Xobeh
Okawaru
Qazlal
Ru
Sif Muna
Trog
Uskayaw
Vehumet
Wu Jian
Xom
Yredelemnul
Zin
The Shining One
Beogh
Lugonu

Shops:
D:5 :((   D:8 :   Orc:2 :[(?   Snake:1 ?

Portals:
Abyss: D:7 Lair:6


Innate Abilities, Weirdness & Mutations

You have razor-sharp teeth.
You heal very quickly.
When hurt, damage is shared between your health and your magic reserves.
Your bite disrupts and absorbs the magic of your enemies.
Potions cannot restore your health.
Your body sometimes deteriorates upon taking damage.
You expend magic power (3 MP) to strengthen your wands.


Message History

You kill the naga warrior!
Okawaru accepts your kill. The naga hits you with a +0 long sword.
The naga constricts you. The salamander closely misses you.
You escape the naga's grasp.
The naga barely misses you. You block the salamander's attack.
The naga hits you with a +0 long sword. The naga grabs you.
The naga constricts you.
You barely miss the salamander. You bite the salamander! You drain its power.
You feel invigorated.
The salamander is severely wounded.
The naga hits you but does no damage.
Your gold dragon scales "Veqes" prevents you from hitting the salamander.
You bite the salamander! You drain its power.
You feel invigorated.
The salamander is almost dead.
The salamander hits you with a +0 spear!
You are engulfed in flames.
You resist. The naga spits poison at you. The splash of poison hits you.
You resist. The naga constricts you.
You hit the salamander. You freeze the salamander. You bite the salamander.
You drain its power.
You feel invigorated.
The salamander is almost dead.
The naga spits poison at you.
The splash of poison hits you but does no damage.
You are poisoned.
You resist.
The salamander hits you with a +0 spear.
* * * LOW HITPOINT WARNING * * *
You are engulfed in flames!
You resist.
* * * LOW HITPOINT WARNING * * *
You slash the salamander! You freeze the salamander.
You kill the salamander!
Okawaru accepts your kill.
You feel sick. The naga hits you with a +0 long sword!
* * * LOW HITPOINT WARNING * * *
The naga constricts you.
The naga hits you from afar with a +0 trident!!
* * * LOW HITPOINT WARNING * * *
Your system rejects the healing.
You feel better. The naga hits you with a +0 long sword!
You die...

..............
...............
..#...<........
#.............
##.............
#......N....#
#......)).#
#.....N@#
##....).#
##.....#
#.....# #....##
#....# #....#
#...=# ..#
#....#


You could see 2 nagas.

Vanquished Creatures
  Nikola (Snake:3)
  Roxanne (D:15)
  An emperor scorpion (D:15)
  An orc warlord (Orc:1)
  The ghost of Berder the Eclecticist, a journeyman DjCK of Xom (Orc:2)
  3 reapers (IceCv)
  A dire elephant (D:15)
  The ghost of HuGe the Fencer, a journeyman PaBe of Trog (D:12)
  An ettin (Orc:1)
  9 naga warriors
  Fannar (Lair:3)
  6 boulder beetles
  Erolcha (Orc:2)
  7 catoblepae
  7 hydras
  3 anacondas
  Erica (D:8)
  A caustic shrike simulacrum (IceCv)
  An ogre mage (Orc:2)
  A death knight (D:14)
  3 centaur warriors
  A dancing weapon (D:12)
  13 death yaks
  8 two-headed ogres
  A tengu warrior (D:15)
  The ghost of ytrimaz the Basher, a novice FoFi of Ru (D:9)
  Urug (Orc:2)
  7 naga sharpshooters
  The ghost of dang3rdave the Basher, a novice GrCK of Hepliaklqana (D:7)
  Nergalle (Orc:2)
  2 shock serpents (Snake:1)
  A salamander mystic (Snake:4)
  A skeletal warrior (D:14)
  The ghost of ders the Geomancer, a novice GrEE of Vehumet (D:10)
  2 orc knights
  An obsidian statue (IceCv)
  5 bog bodies
  2 oklob plants
  3 mana vipers
  3 deep elf pyromancers
  10 orc sorcerers
  4 salamanders
  16 ugly things
  3 cyclopes
  11 manticores
  7 elephants
  4 guardian serpents
  23 black mambas
  4 naga magi
  Joseph (D:8)
  Maggie (D:8)
  A gargoyle (D:12)
  3 unseen horrors
  7 cane toads
  9 komodo dragons
  Psyche (D:9)
  9 freezing wraiths
  3 rime drakes
  A kobold demonologist (D:11)
  A yaktaur (shapeshifter) (D:13)
  2 anaconda simulacra
  3 trolls
  4 polar bears
  4 entropy weaver simulacra
  7 dream sheep (Lair:6)
  2 blink frogs (shapeshifter)
  12 blink frogs
  8 slime creatures
  4 wyverns
  A redback (D:15)
  42 yaks
  A water elemental (D:13)
  A spriggan simulacrum (Snake:1)
  2 vampires
  A shadow (D:13)
  3 wraiths
  2 dire elephant simulacra
  2 basilisks
  3 small abominations (D:7)
  A basilisk (shapeshifter) (D:13)
  A steam dragon (D:7)
  Grum (D:8)
  11 vampire mosquitoes
  3 minotaur simulacra
  24 nagas
  2 harpy simulacra (Snake:1)
  2 acid dragons (D:12)
  A swamp worm (Lair:4)
  4 wargs
  A hydra simulacrum (IceCv)
  13 water moccasins
  2 ice beasts
  25 orc warriors
  A sky beast (D:7)
  5 black bears
  2 alligator simulacra (IceCv)
  3 necrophages
  11 ogres
  18 centaurs
  21 wolves
  6 kobold brigands
  11 bullfrogs
  Blork the orc (D:4)
  5 deep troll simulacra (IceCv)
  3 gnoll sergeants
  3 scorpions
  2 lindwurm simulacra
  6 killer bees (D:9)
  13 wights
  5 electric eels
  12 howler monkeys
  A bullfrog skeleton (D:6)
  9 orc priests
  3 centaur zombies
  5 jellies
  Jessica (D:2)
  An iguana (D:6)
  Natasha (D:4)
  40 orc wizards
  A hound skeleton (D:5)
  A howler monkey zombie (D:7)
  Robin (D:4)
  9 gnolls
  4 adders
  A howler monkey skeleton (D:7)
  An ufetubus (D:4)
  2 worms
  3 dart slugs
  91 orcs
  8 ball pythons
  9 endoplasms
  5 giant cockroaches
  14 goblins
  10 hobgoblins
  2 jackals (D:1)
  4 quokkas
  13 bats
  5 frilled lizards
  29 kobolds
  3 rats
826 creatures vanquished.

Vanquished Creatures (others)
  A wizard (D:10)
  A wyvern (Lair:6)
  2 centaurs (Bailey)
  An orc wizard (Orc:1)
  3 orcs
  A jackal (D:1)
  5 demonic plants (D:2)
  41 fungi
  A lurking horror (Lair:6)
  56 plants
  A withered plant (D:2)
113 creatures vanquished.

Grand Total: 939 creatures vanquished

Notes
Turn   | Place    | Note
-------+----------+-------------------------------------------
     0 | D:1      | miscthings the Vine Stalker Artificer began the quest for
                  | the Orb.
     0 | D:1      | Reached XP level 1. HP: 9/9 MP: 2/2
   307 | D:1      | Reached XP level 2. HP: 14/14 MP: 1/3
   734 | D:1      | Reached skill level 1 in Fighting
  1161 | D:1      | Reached XP level 3. HP: 14/18 MP: 2/4
  1288 | D:2      | Found a faded altar of an unknown god.
  1676 | D:2      | Noticed Jessica
  1681 | D:2      | Killed Jessica
  1682 | D:2      | Gained mutation: Your natural rate of healing is unusually
                  | fast. [Vine Stalker growth]
  1682 | D:2      | Reached XP level 4. HP: 11/22 MP: 3/5
  2596 | D:3      | Reached skill level 2 in Fighting
  2596 | D:3      | Reached XP level 5. HP: 26/26 MP: 6/6
  3268 | D:4      | Reached skill level 1 in Short Blades
  3279 | D:4      | Reached XP level 6. HP: 31/31 MP: 4/7
  3465 | D:4      | Noticed Natasha
  3466 | D:4      | Noticed Robin
  3481 | D:4      | Killed Natasha
  3519 | D:4      | Killed Robin
  3690 | D:4      | Noticed a black bear
  3700 | D:4      | Killed a black bear
  3701 | D:4      | Reached XP level 7. HP: 34/35 MP: 8/8
  4288 | D:4      | Noticed Blork the orc
  4302 | D:4      | Killed Blork the orc
  4303 | D:4      | Reached skill level 5 in Short Blades
  4515 | D:5      | Entered Level 5 of the Dungeon
  4575 | D:5      | Found Icsawus's Weapon Boutique.
  4578 | D:5      | Found Oman's Book Emporium.
  4578 | D:5      | Found Uxelufir's Antique Weapon Shop.
  4732 | D:5      | Gained mutation: You have razor-sharp teeth. [Vine Stalker
                  | growth]
  4732 | D:5      | Reached XP level 8. HP: 34/39 MP: 9/9
  4741 | D:5      | Found a glowing drain.
  4785 | Sewer    | Entered a sewer
  5231 | D:5      | Identified the +7 dagger of Greed {flame, rElec Str+5
                  | Dex+3}
  5413 | D:5      | Reached skill level 1 in Dodging
  5413 | D:5      | Reached skill level 5 in Evocations
  5611 | D:6      | Found an opulent altar of Gozag.
  5712 | D:6      | Found a sparkling altar of Nemelex Xobeh.
  5724 | D:6      | Reached skill level 3 in Fighting
  5839 | D:6      | Reached XP level 9. HP: 35/44 MP: 6/10
  5854 | D:6      | Found a blossoming altar of Fedhas.
  6067 | D:6      | Found a staircase to the Ecumenical Temple.
  6074 | Temple   | Entered the Ecumenical Temple
  6090 | Temple   | Became a worshipper of Warmaster Okawaru
  6383 | D:7      | Reached skill level 4 in Fighting
  6387 | D:7      | Reached skill level 1 in Invocations
  6538 | D:7      | Found a transporter.
  6560 | D:7      | Found a one-way gate to the infinite horrors of the Abyss.
  6560 | D:7      | Noticed dang3rdave's ghost (novice GrCK)
  6561 | D:7      | Found a transporter.
  6995 | D:7      | Reached * piety under Okawaru
  7155 | D:8      | Noticed Maggie
  7168 | D:8      | Killed Maggie
  7191 | D:8      | Found Daghi's Book Emporium.
  7221 | D:8      | Reached XP level 10. HP: 51/51 MP: 11/13
  7242 | D:8      | Reached skill level 5 in Fighting
  7315 | D:8      | Found a shimmering altar of Xom.
  7334 | D:8      | Noticed Erica
  7348 | D:8      | Killed Erica
  7348 | D:8      | Reached ** piety under Okawaru
  7585 | D:8      | Reached *** piety under Okawaru
  7586 | D:8      | Noticed Joseph
  7625 | D:8      | Killed Joseph
  7998 | D:5      | Bought a polished rapier for 189 gold pieces
  7998 | D:5      | Identified the +5 rapier "Batol" {protect, Int+5} (You
                  | bought it in a shop on level 5 of the Dungeon)
  8304 | D:9      | Found a flagged portal.
  8327 | Bailey   | Entered a bailey
  8629 | Bailey   | Reached **** piety under Okawaru
  8644 | Bailey   | Reached XP level 11. HP: 52/56 MP: 15/15
  8772 | Bailey   | Identified the +1 chain mail "Jeop" {Int+3}
  8926 | D:9      | Acquired a manual of Fighting
  8928 | D:9      | Acquired the ring of Koetzie {Wiz rN+++ Will- Int+6}
  9003 | D:9      | Found a runed translucent gate.
  9003 | D:9      | Found a runed translucent gate.
  9003 | D:9      | Found a runed translucent gate.
  9014 | D:9      | Noticed ytrimaz's ghost (novice FoFi)
  9032 | D:9      | Found a shimmering blue altar of Sif Muna.
  9032 | D:9      | Noticed Psyche
  9038 | D:9      | Killed Psyche
  9284 | D:9      | Reached skill level 10 in Short Blades
  9365 | D:9      | Found a staircase to the Orcish Mines.
  9557 | D:9      | Identified the +1 ring mail of Valiance {Str+4 Int+2}
  9590 | D:10     | Entered Level 10 of the Dungeon
  9726 | D:10     | Found a bloodstained altar of Trog.
  9731 | D:10     | Noticed a wizard
  9735 | D:10     | Killed a wizard
  9804 | D:10     | Noticed a deep elf pyromancer
  9816 | D:10     | Killed a deep elf pyromancer
  9817 | D:10     | Reached skill level 5 in Armour
  9836 | D:10     | Found a staircase to the Lair.
  9836 | D:10     | Noticed an oklob plant
  9871 | D:10     | Killed an oklob plant
  9872 | D:10     | Reached skill level 6 in Fighting
 10064 | D:10     | Found a runed translucent door.
 10087 | D:10     | Noticed ders's ghost (novice GrEE)
 10329 | D:10     | Found a sacrificial altar of Ru.
 10329 | D:10     | Found a hide-covered altar of Uskayaw.
 10433 | D:10     | Acquired 1224 gold pieces
 10568 | Lair:1   | Entered Level 1 of the Lair of Beasts
 10641 | Lair:1   | Reached ***** piety under Okawaru
 10662 | Lair:1   | Reached skill level 5 in Dodging
 10759 | Lair:1   | Reached skill level 5 in Invocations
 10900 | Lair:1   | Reached skill level 7 in Fighting
 10962 | Lair:1   | Received a gift from Okawaru
 11351 | Lair:2   | Noticed an eight-headed hydra
 11365 | Lair:2   | Killed an eight-headed hydra
 11485 | Lair:2   | Noticed a boulder beetle
 11540 | Lair:2   | Killed a boulder beetle
 11541 | Lair:2   | Reached skill level 1 in Shields
 11541 | Lair:2   | Reached XP level 12. HP: 19/63 MP: 10/17
 12161 | Lair:3   | Noticed a death yak
 12162 | Lair:3   | Noticed a death yak
 12162 | Lair:3   | Noticed a death yak
 12163 | Lair:3   | Noticed a death yak
 12163 | Lair:3   | Noticed a death yak
 12212 | Lair:3   | Killed a death yak
 12232 | Lair:3   | Killed a death yak
 12232 | Lair:3   | Received a gift from Okawaru
 12233 | Lair:3   | Reached skill level 8 in Fighting
 12251 | Lair:3   | Killed a death yak
 12263 | Lair:3   | Killed a death yak
 12277 | Lair:3   | Killed a death yak
 12323 | Lair:3   | Reached ****** piety under Okawaru
 12465 | Lair:3   | Received a gift from Okawaru
 12532 | Lair:3   | Noticed an eight-headed hydra
 12543 | Lair:3   | Killed an eight-headed hydra
 12726 | Lair:3   | Reached skill level 9 in Fighting
 12742 | Lair:3   | Noticed Fannar
 12792 | Lair:3   | Killed Fannar
 12827 | Lair:3   | Found a staircase to the Snake Pit.
 12927 | Lair:3   | Reached XP level 13. HP: 70/70 MP: 19/19
 12939 | Lair:3   | Received a gift from Okawaru
 13192 | Lair:4   | Reached skill level 1 in Long Blades
 13644 | Lair:4   | You fall into a shaft and drop 2 floors!
 13644 | Lair:6   | Entered Level 6 of the Lair of Beasts
 13704 | Lair:5   | Received a gift from Okawaru
 13710 | Lair:5   | Reached skill level 5 in Long Blades
 14607 | Lair:4   | Found a staircase to the Swamp.
 14870 | Lair:6   | Found a staircase to the Slime Pits.
 15036 | Lair:6   | Received a gift from Okawaru
 15056 | Lair:6   | Reached XP level 14. HP: 36/75 MP: 14/20
 15102 | Lair:6   | Found a corrupted altar of Lugonu.
 15113 | Lair:6   | Reached skill level 10 in Long Blades
 15263 | Lair:6   | Received a gift from Okawaru
 15643 | Lair:6   | Identified the ring "Oshyurgha" {AC+4 SInv}
 15790 | Lair:6   | Gained mutation: You expend magic power (3 MP) to
                  | strengthen your wands. [potion of mutation]
 15790 | Lair:6   | Gained mutation: You heal very quickly. [potion of
                  | mutation]
 16441 | D:8      | Noticed Grum
 16458 | D:8      | Killed Grum
 16547 | D:7      | Killed dang3rdave's ghost
 16547 | D:7      | Received a gift from Okawaru
 16745 | D:9      | Killed ytrimaz's ghost
 16863 | D:10     | Killed ders's ghost
 17311 | D:11     | Found a runed translucent door.
 17409 | D:11     | Reached skill level 1 in Throwing
 17476 | D:11     | Reached skill level 10 in Fighting
 17476 | D:11     | Reached XP level 15. HP: 80/80 MP: 21/21
 17497 | D:11     | Found a runed translucent door.
 17928 | D:12     | Found a runed translucent door.
 17928 | D:12     | Found a shimmering altar of Xom.
 17928 | D:12     | Noticed HuGe's ghost (journeyman PaBe)
 17928 | D:12     | Identified the +9 broad axe "Oprydac" {chaos, Fragile rCorr
                  | Int+2 Dex+4}
 17997 | D:12     | Received a gift from Okawaru
 18717 | D:12     | Killed HuGe's ghost
 18718 | D:12     | Reached skill level 5 in Shields
 18727 | D:12     | Identified the +5 spear of Chaos {spect, Will- Str+8}
 18841 | Orc:1    | Entered Level 1 of the Orcish Mines
 18859 | Orc:1    | Gained mutation: Your body sometimes deteriorates upon
                  | taking damage. [a neqoxec]
 19030 | Orc:2    | Entered Level 2 of the Orcish Mines
 19073 | Orc:2    | Found a staircase to the Elven Halls.
 19146 | Orc:2    | Noticed Urug
 19155 | Orc:2    | Killed Urug
 19342 | Orc:2    | Found a transporter.
 19344 | Orc:2    | Found a transporter.
 19344 | Orc:2    | Noticed Berder's ghost (journeyman DjCK)
 19348 | Orc:2    | Identified the +6 great mace of Immorality {flame, rElec
                  | rF+ Int+2}
 19348 | Orc:2    | Identified the +8 dire flail "Qanal" {holy, Fly Int+4
                  | Dex+3}
 19398 | Orc:2    | Killed Berder's ghost
 19573 | Orc:2    | Paralysed by an orc sorcerer for 3 turns
 19661 | Orc:2    | Found a radiant altar of Vehumet.
 19661 | Orc:2    | Noticed Erolcha
 19676 | Orc:2    | Killed Erolcha
 19705 | Orc:2    | Found Jeaku's Magic Scroll Boutique.
 19711 | Orc:2    | Noticed Nergalle
 19724 | Orc:2    | Killed Nergalle
 19725 | Orc:2    | Found an ancient bone altar of Kikubaaqudgha.
 19732 | Orc:2    | Found Faenoemymu's Antique Armour Shop.
 19740 | Orc:2    | Found Xut Dane's Antique Weapon Boutique.
 19849 | Orc:2    | Found Bogedon's Book Shop.
 19876 | Orc:2    | Bought a scroll of identify for 24 gold pieces
 19876 | Orc:2    | Bought a scroll of magic mapping for 42 gold pieces
 19876 | Orc:2    | Bought a scroll of identify for 24 gold pieces
 19876 | Orc:2    | Bought 2 scrolls of teleportation for 72 gold pieces
 19901 | Orc:2    | Bought a polished falchion for 168 gold pieces
 19901 | Orc:2    | Identified the +8 falchion "Imotum" {drain, Int+3} (You
                  | bought it in a shop on level 2 of the Orcish Mines)
 20104 | Orc:2    | Bought brightly glowing gold dragon scales for 2295 gold
                  | pieces
 20104 | Orc:2    | Identified the +0 gold dragon scales "Veqes" {rPois rF+ rC+
                  | rN+ Will+ rCorr} (You bought it in a shop on level 2 of the
                  | Orcish Mines)
 20275 | Orc:1    | You fall into a shaft and drop 1 floor!
 20362 | Orc:1    | Noticed an orc warlord
 20407 | Orc:1    | Killed an orc warlord
 20408 | Orc:1    | Reached skill level 11 in Fighting
 20756 | D:13     | Found a gate to the Vaults.
 20849 | D:13     | Identified the +5 arbalest of Vefee {freeze, rCorr Stlth+}
                  | (Okawaru gifted it to you on level 13 of the Dungeon)
 20849 | D:13     | Received a gift from Okawaru
 21752 | D:14     | Reached skill level 10 in Evocations
 21758 | D:14     | Reached XP level 16. HP: 26/87 MP: 12/23
 21887 | D:14     | Identified the +5 ring mail of the Shoals {rF- Will+++
                  | Dex-3 SInv}
 22245 | D:15     | Entered Level 15 of the Dungeon
 22341 | D:15     | Received a gift from Okawaru
 22533 | D:15     | Found a staircase to the Depths.
 22580 | D:15     | Found a stormy altar of Qazlal.
 22965 | D:15     | Reached skill level 12 in Fighting
 22995 | D:15     | Noticed Roxanne
 22997 | D:15     | Noticed Nessos
 22999 | D:15     | Noticed Nessos
 22999 | D:15     | Nessos changed into Nessos the redback
 23004 | D:15     | Killed Nessos the redback
 23038 | D:15     | Killed Roxanne
 23401 | Snake:1  | Entered Level 1 of the Snake Pit
 23454 | Lair:3   | Reached skill level 5 in Throwing
 23524 | Snake:1  | Received a gift from Okawaru
 23663 | Snake:1  | Found a frozen archway.
 23692 | IceCv    | Entered an ice cave
 24398 | Snake:1  | Found Taol's Magic Scroll Shop.
 24728 | Snake:2  | Reached skill level 10 in Invocations
 25375 | Snake:3  | Reached skill level 13 in Fighting
 25375 | Snake:3  | Reached XP level 17. HP: 73/95 MP: 16/25
 25451 | Snake:3  | Noticed Nikola
 25462 | Snake:3  | Killed Nikola
 25719 | Snake:3  | Received a gift from Okawaru
 26300 | Snake:4  | Entered Level 4 of the Snake Pit
 26444 | Snake:4  | HP: 2/95 [naga (17)]
 26445 | Snake:4  | Mangled by a naga

Illustrated notes

Levels and vault maps discovered:
D:1:      scummos_arrival_checkerplants, layout_rooms
D:2:      layout_loops_ring, shapermc_ecumenical_altar_gd,
          chequers_serial_rivers_small_b, uniq_jessica
D:3:      layout_basic, hex_tiny, minmay_ruptured
D:4:      layout_layer_cave, uniq_natasha, uniq_robin, uniq_blork_the_orc
D:5:      layout_basic, gup_sewer_entry_glass, nicolae_wooded_promenade
D:6:      layout_basic, mainiacjoe_overflow_surrounded_room,
          mainiacjoe_overflow_chevrons, grunt_gozag_breadcrumbs,
          minmay_temple_entry_enclosed_plants, feat_on_display
D:7:      layout_loops_corners, gammafunk_ghost_abyssal_escape
D:8:      layout_loops_ring, mainiacjoe_overflow_brackets, serial_shops,
          nicolae_shop_advertising_works [nicolae_subvault_shop_adworks],
          uniq_erica, uniq_joseph, uniq_grum, uniq_maggie
D:9:      layout_long_grid, mainiacjoe_overflow_alcove_2, orc_0_dummy,
          enter_bailey_7, biasface_ghost_orc_armoury, uniq_psyche
D:10:     minmay_general_purpose_star, layout_gridville, trog_wizard,
          gammafunk_temple_overflow_statue, dpeg_oklobed_lair,
          ebering_ghost_reflecting_pool
D:11:     cheibrodos_histonic, layout_basic
D:12:     layout_cave_pods, ebering_ghost_xom
D:13:     layout_basic, david_vaults_2
D:14:     layout_loops_ring, minmay_misc_feat_more_columns
D:15:     hangedman_depths_entry_try_elsewhere_first, layout_gridville,
          nicolae_qazlal_style_of_elements, uniq_roxanne, uniq_nessos
Temple:   nicolae_temple_great_sept
Lair:1:   layout_gridlike
Lair:2:   layout_chaotic_city
Lair:3:   layout_misc_corridors, minmay_snake_entry_guardpost_large,
          chequers_serial_rivers_micro_c, uniq_fannar
Lair:4:   layout_regular_city, nicolae_swamp_entry_splash_gauntlet
Lair:5:   layout_small_grid
Lair:6:   evilmike_catoblepas_cave, layout_small_grid,
          nicolae_slime_entry_slimehenge, amcnicky_altar_lugonu_corruption
Snake:1:  layout_cave_shapes, serial_shops, shop,
          portal_ice_cave_entry_ice_simulacra, grunt_megastairs_1,
          serial_bayou_shore_b
Snake:2:  layout_misc_corridors
Snake:3:  layout_honeycomb, uniq_nikola
Snake:4:  minmay_snake_end_coiled, layout_onion, uniq_kirke, uniq_vashnia
Orc:1:    layout_diamond_mine, basic_altar
Orc:2:    kennysheep_orc_mage_school, layout_caves, gammafunk_ghost_smash,
          mines_bat_river, uniq_urug

Skill      XL: |  1  2  3  4  5  6  7  8  9 10 11 12 13 14 15 16 17 |
---------------+----------------------------------------------------+-----
Evocations     | 3 4 5 6 7 8 9 10 | 10.0
Fighting       | 1 2 3 4 5 7 9 10 11 13 | 13.5
Short Blades   | 1 4 6 7 9 10 | 10.0
Dodging        | 2 3 4 5 6 7 9 |  9.3
Armour         | 2 4 5 6 7 8 9 |  9.5
Invocations    | 2 4 5 7 8 10 | 10.5
Shields        | 1 4 6 7 8 |  8.2
Long Blades    | 9 12 | 12.6
Throwing       | 1 4 5 |  5.0
Stealth        | |  1.2

Action                   |  1- 3 |  4- 6 |  7- 9 | 10-12 | 13-15 | 16-18 || total
-------------------------+-------+-------+-------+-------+-------+-------++-------
Melee: Club              |    47 |       |       |       |       |       ||    47
       Bite              |    29 |    86 |   144 |   490 |   772 |   329 ||  1850
       Short sword       |    48 |   104 |       |       |       |       ||   152
       Dagger            |       |   107 |   299 |   816 |   658 |    11 ||  1891
       Hand axe          |       |     5 |       |       |       |       ||     5
       Demon blade       |       |       |       |       |   702 |   667 ||  1369
Throw: Dart              |       |       |       |     2 |       |       ||     2
Invok: Finesse           |       |       |       |       |     4 |       ||     4
       Heroism           |       |       |       |       |     2 |     2 ||     4
Evoke: Wand              |     5 |       |     1 |    13 |     8 |     5 ||    32
       Piece from Xom's  |     2 |     1 |       |     1 |       |     2 ||     6
       Lightning rod     |       |       |       |       |     7 |     5 ||    12
       Tin of tremorston |       |       |       |       |     2 |     1 ||     3
  Use: Scroll            |       |       |    11 |    13 |     7 |     6 ||    37
       Potion            |       |       |       |       |     2 |     3 ||     5
 Stab: Sleeping          |       |       |       |     3 |       |       ||     3
       Paralysed         |       |       |       |     1 |       |     2 ||     3
       Petrified         |       |       |       |       |     4 |       ||     4
       Petrifying        |       |       |       |       |     1 |       ||     1
       Invisible         |       |       |       |       |    10 |       ||    10
Armor: Leather armour    |    20 |       |       |       |       |       ||    20
       Chain mail        |     1 |   138 |   131 |       |       |       ||   270
       Steam dragon scal |       |       |    22 |       |       |       ||    22
       Acid dragon scale |       |       |       |   161 |       |       ||   161
       Ring mail         |       |       |       |    87 |   273 |       ||   360
       Gold dragon scale |       |       |       |       |   145 |   374 ||   519
Dodge: Dodged            |    57 |    78 |    91 |   530 |   597 |   163 ||  1516
Block: Buckler           |       |       |       |    17 |   281 |   188 ||   486

Table legend: (Time is in decaauts)
 A = Elapsed time spent in this place.
 B = Non-inter-level travel time spent in this place.
 C = Inter-level travel time spent in this place.
 D = Time resting spent in this place.
 E = Time spent auto-exploring this place.
 F = Levels seen in this place.
 G = Mean time per level.
                   A        B        C        D        E       F      G
               +--------+--------+--------+--------+--------+-----+--------+
         Total |  25174 |  22940 |   2234 |   1288 |  15228 |  31 |  812.1 |
       Dungeon |  14618 |  13203 |   1415 |   1045 |   9077 |  15 |  974.5 |
        Temple |     24 |     16 |      8 |      0 |      2 |   1 |   24.0 |
          Lair |   5328 |   4970 |    358 |     49 |   3521 |   6 |  888.0 |
     Snake Pit |   2514 |   2352 |    162 |    125 |   1586 |   4 |  628.5 |
  Orcish Mines |   1569 |   1280 |    289 |     65 |    768 |   2 |  784.5 |
         Sewer |    255 |    255 |      0 |      0 |    109 |   1 |  255.0 |
        Bailey |    556 |    556 |      0 |      0 |    117 |   1 |  556.0 |
      Ice Cave |    307 |    307 |      0 |      4 |     46 |   1 |  307.0 |
               +--------+--------+--------+--------+--------+-----+--------+

Top non-repeatable levels by time:
     D:4: 1302 daAuts
     D:1: 1258 daAuts
   Orc:2: 1244 daAuts
  Lair:6: 1205 daAuts
    D:10: 1188 daAuts
     D:7: 1063 daAuts
     D:9: 1004 daAuts
  Lair:3: 990 daAuts
     D:2: 983 daAuts
     D:3: 977 daAuts
    D:11: 966 daAuts
 Snake:3: 936 daAuts
     D:8: 899 daAuts
    D:15: 895 daAuts
     D:5: 863 daAuts
